 Dungeon Crawl Stone Soup version 0.28.0-43-g3370ac3207 (webtiles) character file.

Game seed: 7176577238821982415

44 Ablot the Grasshopper (level 3, -6/31 HPs)
             Began as a Gnoll Warper on Mar 14, 2022.
             Mangled by Duvessa
             ... wielding a +0 short sword
              (9 damage)
             ... on level 4 of the Dungeon.
             The game lasted 00:01:17 (1768 turns).

Ablot the Grasshopper (Gnoll Warper)                Turns: 1768, Time: 00:01:17

Health: -6/31      AC:  3    Str: 12    XL:     3   Next: 60%
Magic:  9/9        EV: 12    Int: 12    God:
Gold:   48         SH:  0    Dex: 11    Spells: 10/12 levels left

rFire   . . .      SeeInvis .   a - +0 spear
rCold   . . .      Faith    .   (no shield)
rNeg    . . .      Spirit   .   b - +0 leather armour
rPois   .          Reflect  .   (no helmet)
rElec   .          Harm     .   (no cloak)
rCorr   .          Rampage  .   (no gloves)
Will    .....                   (no boots)
Stlth   +.........              (no amulet)
HPRegen 0.10/turn               i - ring of wizardry
MPRegen 0.11/turn               (no ring)

@: no status effects
A: fangs 1, strong nose, distributed training
a: no special abilities


You were on level 4 of the Dungeon.
You visited 1 branch of the dungeon, and saw 3 of its levels.

You collected 48 gold pieces.

Inventory:

Hand Weapons
 a - a +0 spear (weapon)
Missiles
 d - 5 boomerangs of dispersal (quivered)
 h - 62 stones
Armour
 b - a +0 leather armour (worn)
Jewellery
 i - a ring of wizardry (left hand)
Scrolls
 c - 2 scrolls of blinking
 e - a scroll of summoning {unknown}
 f - a scroll of teleportation {unknown}
 n - a scroll of identify {unknown}
Potions
 g - a potion of berserk rage {unknown}
 j - a potion of resistance {unknown}
 k - a potion of flight {unknown}
 l - a potion of attraction {unknown}
 m - a potion of mutation {unknown}
 o - 2 potions of heal wounds {unknown}
 p - a potion of brilliance {unknown}


   Skills:
 + Level 4.5 Fighting
 + Level 0.9 Short Blades
 + Level 0.9 Long Blades
 + Level 0.9 Axes
 + Level 0.9 Maces & Flails
 + Level 4.5 Polearms
 + Level 0.9 Staves
 + Level 0.9 Slings
 + Level 0.9 Bows
 + Level 0.9 Crossbows
 + Level 2.6 Throwing
 + Level 2.6 Armour
 + Level 4.5 Dodging
 + Level 0.9 Stealth
 + Level 0.9 Shields
 + Level 0.9 Unarmed Combat
 + Level 5.0 Spellcasting
 + Level 0.6 Conjurations
 + Level 0.6 Hexes
 + Level 0.6 Summonings
 + Level 0.6 Necromancy
 + Level 5.4 Translocations
 + Level 0.6 Transmutations
 + Level 0.6 Fire Magic
 + Level 0.6 Ice Magic
 + Level 0.6 Air Magic
 + Level 0.6 Earth Magic
 + Level 0.6 Poison Magic
 + Level 1.0 Invocations
 + Level 0.9 Evocations


You had 10 spell levels left.
You knew the following spells:

 Your Spells              Type           Power      Damage    Failure   Level
a - Blink                 Tloc           32%        N/A       1%          2

Your spell library contained the following spells:

 Spells                   Type           Power      Damage    Failure   Level
 Gell's Gravitas          Tloc           16%        N/A       3%          3
 Lesser Beckoning         Tloc           16%        N/A       3%          3
 Teleport Other           Tloc           16%        N/A       3%          3
 Manifold Assault         Tloc           16%        N/A       28%         5


Dungeon Overview and Level Annotations

Branches:
Dungeon (2/15)

Altars:

Annotations:
D:4 Dowan, Duvessa


Innate Abilities, Weirdness & Mutations

You have very sharp teeth.
Your uncanny sense of smell can sniff out nearby items.
Your experience applies equally to all skills.


Message History

Duvessa, Dowan, an orc, a hound and a kobold come into view.
The orc is wielding a +1 hand axe of flaming.
The hound barks!
The kobold shouts!
Duvessa shouts!
You hear a shout!
Dowan shouts!
Found a stone staircase leading up.
You hear a shout!
The kobold throws a stone.
The stone hits you but does no damage.
The kobold throws a stone.
The stone hits you. The hound barely misses you. The hound bites you.
A quokka comes into view.
The hound bites you.
Duvessa says, "When magic and the sword combine, nothing stands against them."
The orc hits you with a +1 hand axe of flaming.
The orc burns you.
The kobold throws a stone.
The stone closely misses you.
Dowan points at Duvessa and mumbles some strange words.
Duvessa seems to speed up.
The hound stops to sniff the ground.
The hound barely misses you.
An orc priest comes into view. It is wielding a +0 flail.
The orc priest shouts!
The orc priest invokes the aid of Beogh against you.
Beogh smites you! The hound bites you but does no damage.
The orc barely misses you.
An orc comes into view. It is wielding a +0 whip.
Found 15 gold pieces.
Duvessa barely misses you.
An orc priest comes into view. It is wielding a +0 dagger.
Dowan mumbles some strange words.
Dowan blinks!
The orc completely misses you. Duvessa hits you with a +0 short sword.
Found 11 gold pieces.
The orc priest shouts!
The orc priest miscasts a cantrip.
The hound barely misses you.
Unknown command.
Found a scroll labelled GAEPAG UPOX.
The orc priest hits you with a +0 flail!
* * * LOW HITPOINT WARNING * * *
Duvessa hits you with a +0 short sword!
You die...

#..........#
+..........# .
#....r..##.# ..
#...e...# .# ....
#.......#
.....####K....###
.........o....#
#....#he...#....
#.....@o.#.####.
+....#.o.#... ∆
#.....o#.####.
#.........# ..
#...$...... ∆$ #.
....###.. # ###..
.?. ... ...


You could see Duvessa (fast), Dowan, a hound, 2 orc priests, 2 orcs, a quokka
and a kobold.

Vanquished Creatures
  3 dart slugs (D:1)
  6 bats
  2 goblins
  6 hobgoblins
  3 jackals (D:1)
  2 kobolds (D:2)
  A quokka (D:1)
  4 ball pythons (D:1)
  2 frilled lizards
  5 rats (D:1)
34 creatures vanquished.

Notes
Turn   | Place    | Note
-------+----------+-------------------------------------------
     0 | D:1      | Ablot the Gnoll Warper began the quest for the Orb.
     0 | D:1      | Reached XP level 1. HP: 20/20 MP: 6/6
   456 | D:1      | Reached XP level 2. HP: 26/26 MP: 7/7
   459 | D:1      | Learned a level 2 spell: Blink
   849 | D:1      | Reached XP level 3. HP: 31/31 MP: 9/9
   866 | D:1      | Reached skill level 5 in Spellcasting
  1563 | D:2      | Reached skill level 1 in Invocations
  1682 | D:2      | Found a faded altar of an unknown god.
  1754 | D:2      | You fall into a shaft and drop 2 floors!
  1754 | D:4      | Noticed Duvessa
  1754 | D:4      | Noticed Dowan
  1768 | D:4      | Mangled by Duvessa

Illustrated notes

Levels and vault maps discovered:
D:1:      dpeg_arrival_water_fire, layout_basic
D:2:      minmay_inner_zag, layout_basic, basic_ecumenical_altar
D:4:      layout_basic, gammafunk_temple_overflow_wave, uniq_duvessa

Skill      XL: |  1  2  3 |
---------------+----------+-----
Spellcasting   | 5 |  5.0
Invocations    | 1 |  1.0
Fighting       | |  4.5
Short Blades   | |  0.9
Long Blades    | |  0.9
Axes           | |  0.9
Maces & Flails | |  0.9
Polearms       | |  4.5
Staves         | |  0.9
Slings         | |  0.9
Bows           | |  0.9
Crossbows      | |  0.9
Throwing       | |  2.6
Armour         | |  2.6
Dodging        | |  4.5
Stealth        | |  0.9
Shields        | |  0.9
Unarmed Combat | |  0.9
Conjurations   | |  0.6
Hexes          | |  0.6
Summonings     | |  0.6
Necromancy     | |  0.6
Translocations | |  5.4
Transmutations | |  0.6
Fire Magic     | |  0.6
Ice Magic      | |  0.6
Air Magic      | |  0.6
Earth Magic    | |  0.6
Poison Magic   | |  0.6
Evocations     | |  0.9

Action                   || total
-------------------------++-------
Melee: Spear             ||   130
       Bite              ||    10
       Punch             ||     1
 Stab: Sleeping          ||     1
Armor: Leather armour    ||    16
Dodge: Dodged            ||    65
